Map: 潜水艇-天梯版

Players

TIME (Oliveira)

  • Race: Terran Terran

Silky - Winner!

  • Race: Zerg Zerg
  • League: Master

Event: DreamHack SC2 Masters 2020 Summer China

VOD

Have the link to the VOD?

Description

Time

  • Played on: July 5, 2020, 7:20 a.m.
  • Length: 6:48

All games in this series

Show
View Real Time Build Order
Export as new Build Order

TIME Terran 

Build Orders: Hellion Opening, Reaper Expand 

Get SALT Encoding   

  12  0:00  SCV  
  13  0:13  SCV  
  14  0:17  Supply Depot  
  14  0:25  SCV  
  15  0:38  SCV  
  15  0:40  Barracks  
  16  0:43  Refinery  
  16  0:50  SCV  
  17  1:03  SCV  
  18  1:15  SCV  
  19  1:28  Orbital Command, Reaper  
  20  1:39  Command Center  
  20  1:46  Supply Depot  
  20  1:53  SCV  
  21  1:59  Marine  
  22  2:05  SCV  
  23  2:08  Factory  
  23  2:13  Refinery  
  23  2:18  SCV  
  23  2:21  Barracks Reactor  
  24  2:30  SCV  
  25  2:42  SCV  
  26  2:52  Orbital Command  
  26  2:53  Starport  
  26  2:54  SCV  
  27  3:02  Hellion x2  
  27  3:03  Barracks Tech Lab  
  31  3:06  SCV  
  32  3:18  SCV x2  
  34  3:23  Supply Depot, Hellion x2  
  38  3:30  SCV x2  
  40  3:40  Viking  
  41  3:42  SCV  
  41  3:43  SCV  
  41  3:44  Hellion  
  41  3:45  Hellion  
  41  3:47  Supply Depot  
  47  3:49  Marine  
  47  3:54  SCV  
  47  3:55  SCV  
  50  4:06  SCV  
  50  4:07  SCV  
  52  4:15  Command Center  
  52  4:16  Siege Tank, Barracks Tech Lab  
  55  4:18  Starport Reactor  
  55  4:22  SCV  
  55  4:23  Supply Depot, SCV  
  57  4:32  Barracks  
  57  4:34  Barracks  
  57  4:36  Marine  
  58  4:38  Stimpack  
  58  4:39  SCV  
  58  4:41  SCV  
  60  4:51  Siege Tank, SCV  
  64  4:55  Engineering Bay  
  64  4:56  Engineering Bay  
  64  4:58  SCV  
  65  5:02  Refinery  
  65  5:03  Refinery, Marine  
  65  5:04  Starport Reactor, SCV  
  67  5:12  SCV  
  67  5:13  Supply Depot  
  68  5:16  SCV  
  68  5:20  Marine  
  70  5:26  Marine x2  
  70  5:27  SCV  
  70  5:28  Orbital Command  
  73  5:32  Marine x2  
  73  5:34  SCV  
  76  5:40  Siege Tank  
  76  5:41  Marine  
  80  5:46  Marine  
  80  5:49  Marine  
  82  5:50  Marine  
  82  5:54  Medivac  
  82  5:57  Marine, Medivac  
  82  6:00  Marine  
  82  6:04  SCV  
  81  6:12  Marine x2  
  81  6:17  SCV  
  78  6:20  Marine  
  66  6:29  Marine  
Show
View Real Time Build Order
Export as new Build Order

Silky Zerg - Winner!

Build Orders: Hatch First, Lurkers 

Get SALT Encoding   

  12  0:00  Drone  
  13  0:13  Overlord  
  13  0:17  Drone  
  14  0:32  Drone x2  
  16  0:48  Hatchery  
  15  0:51  Drone  
  15  0:54  Drone  
  17  0:58  Drone  
  18  1:05  Extractor  
  17  1:13  Spawning Pool  
  17  1:15  Drone  
  17  1:19  Drone  
  18  1:28  Drone  
  19  1:41  Drone  
  20  1:49  Drone  
  21  1:59  Queen  
  21  2:00  Queen  
  21  2:01  Zergling x4  
  27  2:05  Metabolic Boost  
  27  2:11  Overlord  
  27  2:13  Drone  
  28  2:30  Drone x2  
  28  2:35  Drone x2  
  32  2:38  Queen  
  32  2:43  Lair  
  34  2:46  Overlord  
  34  2:49  Drone  
  35  2:53  Extractor  
  35  2:55  Extractor  
  35  2:58  Drone  
  34  3:00  Drone  
  35  3:06  Drone x2  
  35  3:10  Zergling x6  
  35  3:11  Zergling x2  
  41  3:13  Drone  
  41  3:18  Overlord  
  42  3:23  Pneumatized Carapace  
  42  3:26  Drone  
  43  3:35  Overlord  
  43  3:42  Hydralisk Den  
  43  3:45  Drone x3  
  43  3:47  Overseer  
  45  3:53  Drone x2  
  47  3:56  Zergling x4  
  47  4:01  Zergling x2  
  50  4:11  Hydralisk x2  
  50  4:13  Lurker Den  
  50  4:16  Hydralisk  
  53  4:23  Hydralisk  
  57  4:27  Hydralisk  
  59  4:35  Overlord  
  59  4:36  Overlord, Zergling x2  
  60  4:56  Overlord  
  60  4:57  Zergling x14  
  67  5:01  Overlord  
  67  5:03  Zergling x2  
  68  5:10  Overlord  
  68  5:16  Spore Crawler, Extractor  
  68  5:17  Lurker  
  68  5:18  Lurker  
  68  5:20  Spore Crawler  
  67  5:22  Lurker  
  67  5:26  Lurker  
  67  5:27  Overlord  
  67  5:28  Zergling x6  
  74  5:32  Zergling x2  
  76  5:46  Zergling x4  
  78  5:51  Zergling x2  
  78  5:52  Queen  
  69  5:58  Lurker  
  69  6:03  Zergling x2  
  71  6:08  Zergling x2  
  62  6:19  Zergling x2  
  60  6:29  Zergling x6  
Tags
 
Add a new tag
Caveats
  • Supply blocks, unpowered buildings, or Contaminate may cause inaccurate times.
  • Supply counts are checked every 10 seconds.